[Event "Titled Tuesday Blitz July 18 Late 2023"]
[White "Lopez Idarraga, Daniel Eduardo"]
[Black "D`Arruda, Ricardo D."]
[WhiteFideId "4405501"]
[BlackFideId "100692"]
[WhiteElo "2327"]
[BlackElo "2517"]
[Result "0-1"]
[Round "6"]
[TimeControl "180+2"]
[Date "2023.07.18"]
[WhiteClock "0:00:32"]
[BlackClock "0:01:39"]
[Board "90"]

1. d4 Nf6 2. Bf4 d6 3. e3 g6 4. Be2 Bg7 5. h3 O-O 6. Nf3 c5 7. c3 b6 8. O-O Bb7 9. Bh2 Nbd7 10. Nbd2 Qc7 11. a4 a6 12. Qb3 Rab8 13. Qa3 Rfc8 14. b4 cxb4 15. cxb4 Qc3 16. Qxc3 Rxc3 17. Nc4 Rc8 18. Na3 Rb3 19. Rfb1 Rcc3 20. Nc4 Nd5 21. b5 a5 22. Nfd2 Rxb1+ 23. Rxb1 Nb4 24. Bg4 f5 25. Bf3 Bxf3 26. gxf3 Kf7 27. h4 Ke6 28. Rb3 Rc2 29. Rb2 Rc1+ 30. Kg2 Kd5 31. e4+ Kxd4 32. Nb3+ Kxc4 33. Nxc1 Bxb2 0-1


[Site "https://www.chess.com"]

[Event "Titled Tuesday Blitz July 18 Late 2023"]
[White "Leenhouts, Koen"]
[Black "Cooper, Aaron"]
[WhiteFideId "1008439"]
[BlackFideId "2634945"]
[WhiteElo "2513"]
[BlackElo "2295"]
[Result "1-0"]
[Round "6"]
[TimeControl "180+2"]
[Date "2023.07.18"]
[WhiteClock "0:00:44"]
[BlackClock "0:00:00"]
[Board "91"]

1. e4 d6 2. d4 Nf6 3. f3 g6 4. c4 Bg7 5. Nc3 Nbd7 6. Nh3 e5 7. d5 O-O 8. Nf2 Ne8 9. g4 a5 10. Be3 Nc5 11. Qd2 f5 12. gxf5 gxf5 13. Rg1 Kh8 14. O-O-O a4 15. Kb1 Nf6 16. Bh6 Bxh6 17. Qxh6 Rf7 18. Bh3 fxe4 19. Bxc8 Qxc8 20. fxe4 Qf8 21. Qh4 Ra6 22. Nh3 Rg7 23. Rxg7 Qxg7 24. Rg1 Qe7 25. Rf1 Ncd7 26. Ng5 Ra8 27. Nb5 c6 28. Nxd6 Rf8 29. Nf5 Qe8 30. Qh6 Qg6 31. Qxg6 hxg6 32. Ne7 Kg7 33. Ne6+ 1-0


[Site "https://www.chess.com"]

[Event "Titled Tuesday Blitz July 18 Late 2023"]
[White "Djordjevic, Dejan N"]
[Black "Kisic, Bozidar"]
[WhiteFideId "913316"]
[BlackFideId "16500350"]
[WhiteElo "2091"]
[BlackElo "2507"]
[Result "1-0"]
[Round "6"]
[TimeControl "180+2"]
[Date "2023.07.18"]
[WhiteClock "0:00:28"]
[BlackClock "0:00:02"]
[Board "92"]

1. e4 g6 2. d4 Bg7 3. g3 d6 4. Bg2 Nc6 5. Ne2 e5 6. Be3 Nge7 7. h3 O-O 8. O-O f5 9. d5 Nb8 10. f4 fxe4 11. Nbc3 Nf5 12. Bc1 e3 13. g4 Nh4 14. Bxe3 Nxg2 15. Kxg2 Nd7 16. Ng3 exf4 17. Bxf4 Nc5 18. Qd2 Bd7 19. Rae1 Rf7 20. b4 Na4 21. Nce4 Bb5 22. Rf2 Qd7 23. Ng5 Bc3 24. Qd1 Bxe1 25. Qxe1 Re8 26. Qc1 Rfe7 27. c4 Re1 28. Qc2 Nb6 29. cxb5 Nxd5 30. Bd2 R1e3 31. a4 a6 32. Qc4 c6 33. Bxe3 Rxe3 34. bxc6 bxc6 35. Qxa6 Qe7 36. Qc8+ Qe8 37. Qxe8+ Rxe8 38. b5 c5 39. N5e4 Ra8 40. Ra2 Nb4 41. Ra3 c4 42. Nxd6 Nc2 43. Rc3 Ne1+ 44. Kf1 Nd3 45. Rxc4 Rf8+ 46. Ke2 Nf4+ 47. Kd2 Nd5 48. Nge4 Rf3 1-0


[Site "https://www.chess.com"]

[Event "Titled Tuesday Blitz July 18 Late 2023"]
[White "Stoyanov, Tsvetan"]
[Black "Shapiro, Viktor"]
[WhiteFideId "2917173"]
[BlackFideId "4175700"]
[WhiteElo "2712"]
[BlackElo "2491"]
[Result "1-0"]
[Round "6"]
[TimeControl "180+2"]
[Date "2023.07.18"]
[WhiteClock "0:00:24"]
[BlackClock "0:00:00"]
[Board "93"]

1. c4 Nf6 2. Nc3 c5 3. Nf3 Nc6 4. e3 g6 5. d4 Bg7 6. d5 Na5 7. e4 d6 8. Be2 O-O 9. h3 a6 10. O-O b5 11. cxb5 axb5 12. Bxb5 Ba6 13. Bxa6 Rxa6 14. Qe2 Qa8 15. Bg5 Nb3 16. Rad1 Nd4 17. Nxd4 cxd4 18. Rxd4 Rb8 19. Rc4 h6 20. Be3 Nd7 21. Bd4 Ne5 22. Rc7 Rb7 23. Rxb7 Qxb7 24. Rd1 Ra8 25. f4 Nd7 26. Bxg7 Kxg7 27. Kh2 Qb4 28. a3 Qb3 29. e5 Rb8 30. Rd2 Nc5 31. exd6 exd6 32. Qe7 Rb6 33. f5 gxf5 34. Rf2 Rb7 35. Qxd6 Nd3 36. Rxf5 Qxb2 37. Qf6+ Kh7 38. Rh5 Qd2 39. Ne4 Qf4+ 40. Qxf4 Nxf4 41. Rf5 Ng6 42. d6 Kg7 43. Nc5 Ra7 44. d7 Ra8 45. Rd5 1-0


[Site "https://www.chess.com"]

[Event "Titled Tuesday Blitz July 18 Late 2023"]
[White "Omelja, Artem"]
[Black "UgarteCesar"]
[WhiteFideId "14119846"]
[WhiteElo "2641"]
[BlackElo "2252"]
[Result "1-0"]
[Round "6"]
[TimeControl "180+2"]
[Date "2023.07.18"]
[WhiteClock "0:00:11"]
[BlackClock "0:00:09"]
[Board "94"]

1. Nf3 d5 2. c4 e6 3. e3 Nf6 4. b3 a5 5. Nc3 c6 6. Bb2 Nbd7 7. d4 b6 8. Bd3 Bb7 9. O-O Be7 10. e4 dxe4 11. Nxe4 O-O 12. Qe2 c5 13. Rad1 Qc7 14. dxc5 bxc5 15. Nfg5 h6 16. Nxf6+ Nxf6 17. Ne4 Nxe4 18. Bxe4 Rfd8 19. Be5 Qb6 20. Bb1 Bf8 21. Qc2 g6 22. Bb2 Bg7 23. Bxg7 Kxg7 24. Qc3+ Kg8 25. Qf6 Rxd1 26. Rxd1 Qc6 27. f3 Qe8 28. Rd6 Qf8 29. Rd7 Bc6 30. Rc7 Rc8 31. Ra7 a4 32. Bxg6 Be8 33. Be4 Qd6 34. Qxh6 Qd4+ 35. Kf1 Qa1+ 36. Kf2 Qd4+ 37. Kg3 Qe5+ 38. Qf4 Qd4 39. bxa4 Qxc4 40. Bh7+ Kf8 41. Qxc4 1-0


[Site "https://www.chess.com"]

[Event "Titled Tuesday Blitz July 18 Late 2023"]
[White "Herman, Daniel"]
[Black "Zavgorodniy, Sergiy"]
[WhiteFideId "30935008"]
[BlackFideId "14110148"]
[WhiteElo "2421"]
[BlackElo "2589"]
[Result "1-0"]
[Round "6"]
[TimeControl "180+2"]
[Date "2023.07.18"]
[WhiteClock "0:00:14"]
[BlackClock "0:00:15"]
[Board "95"]

1. e4 c6 2. Nc3 d5 3. Nf3 Bg4 4. h3 Bxf3 5. Qxf3 dxe4 6. Nxe4 Nd7 7. d4 Ngf6 8. Bc4 e6 9. O-O Nxe4 10. Qxe4 Nf6 11. Qh4 Be7 12. c3 O-O 13. Re1 Nd5 14. Qg4 b5 15. Bb3 a5 16. a4 Bf6 17. axb5 cxb5 18. Rxe6 fxe6 19. Qxe6+ Kh8 20. Qxd5 Qe7 21. Be3 a4 22. Bc2 b4 23. Rxa4 Rxa4 24. Bxa4 bxc3 25. bxc3 Qa3 26. Qb3 Qa1+ 27. Kh2 Rc8 28. Bd7 Qxc3 29. Qxc3 Rxc3 30. d5 Rd3 31. Be6 Be5+ 32. g3 Bd4 33. Bxd4 Rxd4 34. Kg2 g5 35. Kf3 Kg7 36. Ke3 Rd1 37. f4 gxf4+ 38. Kxf4 Kf6 39. g4 h6 40. h4 Rd4+ 41. Ke3 Ke5 42. Kf3 Rd3+ 43. Ke2 Rh3 44. h5 Ra3 45. Kd2 Rg3 46. Ke2 Rc3 47. Kf2 Rd3 48. Kg2 Kf4 49. Kf2 Rd2+ 50. Ke1 Ke3 51. Bf7 Rf2 52. Be6 Rg2 53. Kf1 Rf2+ 54. Kg1 Rf6 55. Bf5 Kd4 56. Be6 Ke5 57. Kg2 Kf4 58. Bf5 Rb6 59. Be6 Rb2+ 60. Kf1 Kf3 61. Ke1 Ke3 62. Kf1 Kf3 63. Ke1 Ke3 64. Kf1 Rb1+ 65. Kg2 Rd1 66. g5 hxg5 67. h6 Ra1 68. h7 Ra8 69. Bg8 Ra2+ 70. Kg3 1-0


[Site "https://www.chess.com"]

[Event "Titled Tuesday Blitz July 18 Late 2023"]
[White "Stachanczyk, Jacek"]
[Black "Belov, Alexei"]
[WhiteFideId "1116657"]
[BlackFideId "4128206"]
[WhiteElo "2419"]
[BlackElo "2577"]
[Result "0-1"]
[Round "6"]
[TimeControl "180+2"]
[Date "2023.07.18"]
[WhiteClock "0:00:00"]
[BlackClock "0:01:22"]
[Board "96"]

1. e4 e6 2. d4 d5 3. Nc3 Nf6 4. e5 Ne4 5. Nxe4 dxe4 6. Bc4 a6 7. Ne2 b5 8. Bb3 Bb7 9. O-O c5 10. dxc5 Qc7 11. Be3 Nd7 12. Ng3 Qxe5 13. Bd4 Qc7 14. Qe2 Nxc5 15. a4 bxa4 16. Bxc5 axb3 17. Bxf8 Kxf8 18. cxb3 f5 19. Rfc1 Qb6 20. Qh5 Rd8 21. Ne2 g6 22. Qh6+ Kf7 23. Rc4 Rd7 24. Nf4 e3 25. Rf1 exf2+ 26. Kh1 Qe3 27. Nh5 Qxh6 0-1


[Site "https://www.chess.com"]

[Event "Titled Tuesday Blitz July 18 Late 2023"]
[White "brm72"]
[Black "Uzcategui Rodriguez, Alejandro"]
[BlackFideId "3903400"]
[WhiteElo "2571"]
[BlackElo "2416"]
[Result "1-0"]
[Round "6"]
[TimeControl "180+2"]
[Date "2023.07.18"]
[WhiteClock "0:01:45"]
[BlackClock "0:00:59"]
[Board "97"]

1. e4 e6 2. d4 d5 3. e5 c5 4. c3 Nc6 5. Nf3 Qb6 6. Bd3 Nh6 7. O-O Nf5 8. dxc5 Bxc5 9. b4 Be7 10. a4 Qd8 11. Na3 g5 12. Nb5 a6 13. Nbd4 g4 14. Nxf5 exf5 15. Nd4 Nxd4 16. cxd4 Be6 17. b5 O-O 18. bxa6 bxa6 19. f3 h5 20. fxg4 fxg4 21. Bh6 Bg5 22. Bxf8 Qxf8 23. Qe2 Qb4 24. Kh1 Qxd4 25. Bxa6 h4 26. Bd3 Rxa4 27. Rxa4 Qxa4 28. Bf5 Bxf5 29. Rxf5 Qa1+ 30. Rf1 Qd4 31. e6 Qe4 32. exf7+ Kf8 33. Qb5 Bf4 34. Qc5+ Kxf7 35. Qc7+ Kg6 36. Qxf4 1-0


[Site "https://www.chess.com"]

[Event "Titled Tuesday Blitz July 18 Late 2023"]
[White "Golubev, Mikhail"]
[Black "Gatterer, Florian"]
[WhiteFideId "14100983"]
[BlackFideId "811688"]
[WhiteElo "2566"]
[BlackElo "2414"]
[Result "1-0"]
[Round "6"]
[TimeControl "180+2"]
[Date "2023.07.18"]
[WhiteClock "0:00:09"]
[BlackClock "0:00:00"]
[Board "98"]

1. e4 c5 2. Nf3 e6 3. d4 cxd4 4. Nxd4 Nf6 5. Nc3 Nc6 6. Nxc6 bxc6 7. e5 Nd5 8. Ne4 Qc7 9. f4 Qb6 10. c4 Ne3 11. Qd3 Bb4+ 12. Bd2 Ba6 13. b3 O-O 14. Bxb4 Qxb4+ 15. Nd2 Nd5 16. g3 f6 17. exf6 Nxf6 18. Bg2 d5 19. O-O Qc5+ 20. Kh1 Rad8 21. Qe2 Rfe8 22. Rac1 Qd6 23. Rfe1 Nd7 24. Nf3 d4 25. Ne5 Nxe5 26. Qxe5 c5 27. Qxd6 Rxd6 28. Re5 Rc8 29. Kg1 Kf7 30. Kf2 Rc7 31. Rce1 Bc8 32. Bf3 Bd7 33. Rd1 g6 34. Ke2 Ra6 35. Rd2 Bc6 36. Bxc6 Raxc6 37. Kd3 Rb7 38. Rde2 Rd7 39. g4 Rcc7 40. h4 Rc6 41. h5 Ra6 42. hxg6+ hxg6 43. Rh2 Kf6 44. g5+ Kg7 45. Ke4 Rd8 46. Kd3 Rc6 47. Re1 Rh8 48. Rxh8 Kxh8 49. Ke4 1-0


[Site "https://www.chess.com"]

[Event "Titled Tuesday Blitz July 18 Late 2023"]
[White "Grebeniuk, Semen"]
[Black "Yordanov, Nikolay Plamenov"]
[WhiteFideId "14117509"]
[BlackFideId "2907445"]
[WhiteElo "2563"]
[BlackElo "2408"]
[Result "1-0"]
[Round "6"]
[TimeControl "180+2"]
[Date "2023.07.18"]
[WhiteClock "0:00:11"]
[BlackClock "0:00:02"]
[Board "99"]

1. d4 Nf6 2. Nf3 g6 3. Bg5 Bg7 4. c3 O-O 5. Nbd2 d6 6. e4 Nbd7 7. Bc4 b6 8. O-O Bb7 9. Re1 a6 10. a4 h6 11. Bh4 c5 12. d5 Ng4 13. Bf1 f5 14. exf5 g5 15. Bg3 Rxf5 16. Nc4 Rxd5 17. Qb3 Kh8 18. h3 Ngf6 19. Ne3 c4 20. Qxc4 Rc5 21. Qf7 Bxf3 22. gxf3 Ne5 23. Bxe5 Rxe5 24. Ng4 Nxg4 25. hxg4 Qg8 26. Qg6 Qh7 27. Qxh7+ Kxh7 28. Bd3+ Kg8 29. Kf1 a5 30. Be4 Rf8 31. Rad1 Rc5 32. Bd5+ Kh8 33. Rxe7 Be5 34. Ke2 Rf6 35. Bb3 Bf4 36. Rd4 Re5+ 37. Re4 Rxe7 38. Rxe7 Be5 39. Bd5 Rf8 40. Kd3 Rf4 41. Be4 Rf8 42. Kc4 Rc8+ 43. Kd5 Rf8 44. Rh7+ Kg8 45. Rxh6 Rc8 46. Rh7 Rc5+ 47. Ke6 Bf4 48. Rb7 Re5+ 49. Kf6 Re8 50. Bd5+ Kh8 51. Kg6 Re6+ 52. Bxe6 Be5 53. Rh7# 1-0


[Site "https://www.chess.com"]

[Event "Titled Tuesday Blitz July 18 Late 2023"]
[White "Yolosz"]
[Black "Ambartsumova, Karina"]
[BlackFideId "4166299"]
[WhiteElo "2404"]
[BlackElo "2563"]
[Result "0-1"]
[Round "6"]
[TimeControl "180+2"]
[Date "2023.07.18"]
[WhiteClock "0:00:11"]
[BlackClock "0:00:46"]
[Board "100"]

1. d4 d6 2. Bf4 g6 3. e3 Bg7 4. Nc3 Nd7 5. Nf3 Ngf6 6. Bc4 O-O 7. h4 c6 8. h5 Nxh5 9. Rxh5 gxh5 10. Ng5 Nf6 11. Bd3 Qa5 12. Qe2 e5 13. dxe5 dxe5 14. Nxh7 exf4 15. Nxf8 Kxf8 16. O-O-O fxe3 17. Qxe3 Be6 18. Kb1 Rd8 19. Rh1 Ng4 20. Qf4 Bxc3 21. bxc3 Qb6+ 22. Kc1 Qxf2 23. Rxh5 Qxf4+ 0-1


[Site "https://www.chess.com"]

[Event "Titled Tuesday Blitz July 18 Late 2023"]
[White "cedchass2006"]
[Black "Arencibia Monduy, Antonio"]
[BlackFideId "3507939"]
[WhiteElo "2402"]
[BlackElo "2531"]
[Result "1-0"]
[Round "6"]
[TimeControl "180+2"]
[Date "2023.07.18"]
[WhiteClock "0:00:08"]
[BlackClock "0:00:02"]
[Board "101"]

1. e4 c5 2. Nf3 e6 3. g3 Nc6 4. Bg2 Qc7 5. O-O d6 6. c3 Nf6 7. Qe2 e5 8. Rd1 Bg4 9. h3 Bh5 10. g4 Bg6 11. d4 Be7 12. d5 Nb8 13. Nbd2 Nbd7 14. Nh4 a6 15. a4 Rb8 16. a5 Rc8 17. Nc4 O-O 18. Bg5 Rfe8 19. Nf5 Bxf5 20. gxf5 Rb8 21. Kh1 Nf8 22. Rg1 Nxd5 23. Bxe7 Nxe7 24. f6 gxf6 25. Qg4+ Neg6 26. h4 Kh8 27. Bh3 Ne6 28. Ne3 Rg8 29. Nd5 Qd8 30. Qf5 Nxh4 31. Qh5 Ng6 32. Bf5 Ng7 33. Qh6 Nxf5 34. exf5 Nf4 35. Nxf6 Rxg1+ 36. Rxg1 Qxf6 37. Qxf6# 1-0


[Site "https://www.chess.com"]

[Event "Titled Tuesday Blitz July 18 Late 2023"]
[White "Goffredo_Fofi"]
[Black "Luong Phuong Hanh"]
[BlackFideId "12401013"]
[WhiteElo "2523"]
[BlackElo "2401"]
[Result "1-0"]
[Round "6"]
[TimeControl "180+2"]
[Date "2023.07.18"]
[WhiteClock "0:00:22"]
[BlackClock "0:01:03"]
[Board "102"]

1. d4 Nf6 2. c3 d5 3. Bg5 e6 4. Nd2 Be7 5. e3 O-O 6. Bd3 h6 7. Bh4 c5 8. f4 Nc6 9. Ngf3 b6 10. O-O Bb7 11. Bxf6 Bxf6 12. Ne5 Rc8 13. Rf3 Nxe5 14. fxe5 Bg5 15. Rh3 f5 16. exf6 Qxf6 17. Qe2 e5 18. Rf1 Qe7 19. Bf5 exd4 20. Bxc8 Rxf1+ 21. Nxf1 Bxc8 22. Rg3 dxe3 23. Nxe3 d4 24. cxd4 cxd4 25. Qc4+ Be6 26. Qxd4 Bxa2 27. Rf3 Bf7 28. Nf5 Qf6 29. Qxf6 Bxf6 30. Nxh6+ Kf8 31. Nxf7 Kxf7 32. Kf2 Ke6 33. b3 b5 34. Ke2 a5 35. Kd3 Kd5 36. Rf5+ Kc6 37. g4 1-0


[Site "https://www.chess.com"]

[Event "Titled Tuesday Blitz July 18 Late 2023"]
[White "Jonkman, Harmen"]
[Black "Shubenkova, Veronika"]
[WhiteFideId "1002708"]
[BlackFideId "44124040"]
[WhiteElo "2397"]
[BlackElo "2514"]
[Result "1-0"]
[Round "6"]
[TimeControl "180+2"]
[Date "2023.07.18"]
[WhiteClock "0:00:19"]
[BlackClock "0:00:06"]
[Board "103"]

1. d4 d5 2. Nf3 e6 3. c4 f5 4. Bf4 Nf6 5. Nc3 c6 6. e3 Bd6 7. Bxd6 Qxd6 8. Be2 Nbd7 9. O-O O-O 10. Rc1 h6 11. a3 g5 12. b4 Rf7 13. b5 Rg7 14. bxc6 bxc6 15. cxd5 exd5 16. Qc2 g4 17. Ne1 Ne4 18. Nxe4 fxe4 19. Qxc6 Qb8 20. Qxd5+ Kh8 21. Qxe4 Bb7 22. Qe6 Qd8 23. Qxh6+ Rh7 24. Qf4 Qh4 25. Rc7 Rf8 26. Qg3 Qxg3 27. hxg3 Bd5 28. Bxg4 Nf6 29. Rxh7+ Kxh7 30. Bf5+ Kh6 31. Nf3 Rb8 32. g4 Kg7 33. Rc1 Ne8 34. Rc5 Ba8 35. Ra5 Nd6 36. Rxa7+ Kf6 37. Ra6 Ke7 38. Ne5 Nxf5 39. gxf5 Rb1+ 40. Kh2 Be4 41. f6+ Kf8 42. Rd6 Ke8 43. f7+ Ke7 44. Rd8 Kxd8 45. f8=Q+ Kc7 46. Qc5+ Kb7 47. Nc4 Ka6 48. Qd6+ Kb5 49. Qe5+ Kxc4 50. Qxe4 Rb2 51. d5+ Kc5 52. Qd4+ Kd6 53. Qxb2 1-0


[Site "https://www.chess.com"]

[Event "Titled Tuesday Blitz July 18 Late 2023"]
[White "Hoffmann, Asa"]
[Black "Ismayil, Malak"]
[WhiteFideId "2001470"]
[BlackFideId "13412604"]
[WhiteElo "2385"]
[BlackElo "2508"]
[Result "1/2-1/2"]
[Round "6"]
[TimeControl "180+2"]
[Date "2023.07.18"]
[WhiteClock "0:00:10"]
[BlackClock "0:00:23"]
[Board "104"]

1. d4 Nf6 2. Bg5 e6 3. Nd2 d5 4. e3 Be7 5. Bd3 O-O 6. f4 c5 7. c3 b6 8. Ngf3 Ba6 9. Bxa6 Nxa6 10. Qe2 Nc7 11. Ne5 h6 12. Bh4 Qd6 13. O-O Nd7 14. Bg3 f5 15. Kh1 Nf6 16. Bh4 Rfe8 17. Bxf6 Bxf6 18. g4 fxg4 19. Qxg4 Bxe5 20. fxe5 Qe7 21. Rg1 Rf8 22. Rg2 Rf7 23. Rag1 Raf8 24. a3 Ne8 25. e4 Rf4 26. Qe2 dxe4 27. Nxe4 Qh4 28. Nf6+ R8xf6 29. exf6 Qxf6 30. dxc5 bxc5 31. Qb5 Qf8 32. Qa6 Rf6 33. Qxa7 Kh8 34. Qd7 e5 35. Qd5 Rf5 36. a4 Rf4 37. Qxe5 Rxa4 38. Re1 Nf6 39. Qe7 Qg8 40. Reg1 Ne8 41. Qxc5 Rf4 42. Qe5 Qf7 43. Re2 Nc7 44. Qe7 Nd5 45. Qxf7 Rxf7 46. Rd2 Ne3 47. Rd3 Nc4 48. b3 Ne5 49. Re3 Rf5 50. Rge1 Ng4 51. R3e2 Rf3 52. Rc2 Ne3 53. Rxe3 Rxe3 54. b4 g5 55. b5 Kg7 56. b6 Re1+ 57. Kg2 Rb1 58. c4 Rxb6 59. c5 Rc6 60. Kf3 Kf6 61. Ke4 Ke6 62. Kd4 Rc8 63. Re2+ Kf5 64. Kd5 h5 65. Rf2+ Kg4 66. c6 Kh3 67. Kd6 g4 68. Kd7 Rg8 69. c7 h4 70. c8=Q Rxc8 71. Kxc8 g3 72. hxg3 hxg3 73. Rf3 Kh2 74. Rxg3 Kxg3 1/2-1/2


[Site "https://www.chess.com"]

[Event "Titled Tuesday Blitz July 18 Late 2023"]
[White "Lalanne, Pablo"]
[Black "Seletsky, Grigory"]
[WhiteFideId "112151"]
[BlackFideId "14112191"]
[WhiteElo "2372"]
[BlackElo "2495"]
[Result "1-0"]
[Round "6"]
[TimeControl "180+2"]
[Date "2023.07.18"]
[WhiteClock "0:00:21"]
[BlackClock "0:01:08"]
[Board "106"]

1. e4 c5 2. Nf3 e6 3. d4 cxd4 4. Nxd4 a6 5. Bd3 Qc7 6. O-O b5 7. Be3 Bb7 8. Nd2 Nf6 9. a4 b4 10. a5 d5 11. exd5 Nxd5 12. Qe2 Bd6 13. h3 Nf4 14. Bxf4 Bxf4 15. Nc4 O-O 16. Nb6 Ra7 17. Rad1 g6 18. Rfe1 Nc6 19. Nxc6 Qxc6 20. Be4 Qxe4 21. Qxe4 Bxe4 22. Rxe4 Bg5 23. Rxb4 Rc7 24. c3 Rb8 25. f4 Be7 26. Rc4 Rbb7 27. Rxc7 Rxc7 28. Kf1 Rc5 29. Rd7 Bf6 30. b4 Rxc3 31. Ra7 Rb3 32. Rxa6 Rxb4 33. Ra8+ Kg7 34. Nd7 Rxf4+ 35. Ke2 Ra4 36. a6 h5 37. Nc5 Ra5 38. Nb7 Ra2+ 39. Kf3 Rxg2 40. Kxg2 Bd4 41. Nd6 f5 42. Nb5 Bc5 43. Rc8 Be3 44. Kf3 f4 45. Rc3 Kf6 46. Rxe3 1-0


[Site "https://www.chess.com"]

[Event "Titled Tuesday Blitz July 18 Late 2023"]
[White "Ansh M Shah"]
[Black "Merino Garcia, Rafael II"]
[WhiteFideId "25033379"]
[BlackFideId "2209128"]
[WhiteElo "2495"]
[BlackElo "2369"]
[Result "1-0"]
[Round "6"]
[TimeControl "180+2"]
[Date "2023.07.18"]
[WhiteClock "0:01:23"]
[BlackClock "0:00:33"]
[Board "107"]

1. d4 Nf6 2. c4 e6 3. Nc3 Bb4 4. e3 b6 5. Ne2 Bb7 6. a3 Bxc3+ 7. Nxc3 Ne4 8. Bd2 O-O 9. Rc1 f5 10. Bd3 Nxd2 11. Qxd2 Bxg2 12. Rg1 Bb7 13. d5 e5 14. Kd1 d6 15. Kc2 Nd7 16. f4 Qe7 17. Rg5 e4 18. Bf1 h6 19. Rg3 c6 20. Kb1 c5 21. Bh3 Kh8 22. Rcg1 Rf7 23. Nb5 Nf8 24. Bxf5 Rxf5 25. Rxg7 Qxg7 26. Rxg7 Kxg7 27. Nxd6 Rf6 28. Nxe4 Rg6 29. f5 Rg1+ 30. Ka2 Nd7 31. Qf2 Rg4 32. f6+ Kf8 33. Nd6 Ba6 34. e4 Ne5 35. Qf5 Rg5 36. Qe6 Bxc4+ 37. Nxc4 Nxc4 38. Qe7+ Kg8 39. f7+ 1-0


[Site "https://www.chess.com"]

[Event "Titled Tuesday Blitz July 18 Late 2023"]
[White "Yeritsyan, Hayk"]
[Black "Storn, Justin"]
[WhiteFideId "13307320"]
[BlackFideId "30922720"]
[WhiteElo "2494"]
[BlackElo "2364"]
[Result "0-1"]
[Round "6"]
[TimeControl "180+2"]
[Date "2023.07.18"]
[WhiteClock "0:00:14"]
[BlackClock "0:00:10"]
[Board "108"]

1. d4 Nf6 2. Nf3 c5 3. e3 d5 4. c3 b6 5. Bd3 g6 6. Nbd2 Bg7 7. Ne5 O-O 8. O-O Ba6 9. Nc6 Qc7 10. Bxa6 Nxa6 11. Ne5 Nd7 12. Nxd7 Qxd7 13. Qe2 Nb8 14. Nf3 Nc6 15. dxc5 bxc5 16. e4 d4 17. cxd4 cxd4 18. Rd1 Rab8 19. Ne1 Rfc8 20. Nd3 Nb4 21. Nxb4 Rxb4 22. Rd3 Rbc4 23. Qd1 Rc2 24. b3 Qc6 25. Ba3 Qxe4 26. Qf3 f5 27. h3 e5 28. Bb4 Qxf3 29. gxf3 e4 30. fxe4 fxe4 31. Rd2 d3 32. Rad1 Bh6 33. Kf1 Bxd2 34. Bxd2 Rxa2 35. Be3 Rc3 36. Rb1 Rc7 37. Kg2 Rb7 38. Kg3 Rd7 39. Kf4 d2 40. Rd1 Rb2 41. Kxe4 Rxb3 42. Kf3 Rb4 43. Ke2 Rb2 44. Bxd2 Rdxd2+ 45. Rxd2 Rxd2+ 46. Kxd2 Kf7 47. Kc3 Kf6 48. Kd4 Kf5 49. Ke3 Ke5 50. f3 Kf5 51. f4 a5 52. Kf3 a4 53. h4 a3 54. h5 gxh5 55. Kg3 h4+ 56. Kxh4 Kxf4 57. Kh5 a2 58. Kh6 a1=Q 59. Kxh7 Qf6 60. Kg8 Qe7 61. Kh8 Kg5 62. Kg8 Kg6 63. Kh8 Qg7# 0-1


[Site "https://www.chess.com"]

[Event "Titled Tuesday Blitz July 18 Late 2023"]
[White "Kaplan, Avi Harrison"]
[Black "ExchangeAB"]
[WhiteFideId "30934559"]
[WhiteElo "2493"]
[BlackElo "2360"]
[Result "0-1"]
[Round "6"]
[TimeControl "180+2"]
[Date "2023.07.18"]
[WhiteClock "0:00:05"]
[BlackClock "0:00:19"]
[Board "109"]

1. g3 c6 2. Bg2 d5 3. c4 Nf6 4. Nf3 dxc4 5. O-O b5 6. a4 Qb6 7. b3 e6 8. axb5 cxb5 9. bxc4 bxc4 10. Qa4+ Nbd7 11. Qxc4 Bb7 12. Nc3 Be7 13. Rb1 Qa6 14. Qc7 Nc5 15. Ne5 Bxg2 16. Kxg2 Rc8 17. Rb8 Rxb8 18. Qxb8+ Bd8 19. Qb4 Qb7+ 20. Qxb7 Nxb7 21. Ba3 Bb6 22. Rc1 Nd7 23. Nxd7 Kxd7 24. Na4 Rc8 25. Nxb6+ axb6 26. Rxc8 Kxc8 27. Kf3 Kd7 28. Ke4 Nd8 29. Kd4 Kc6 30. Kc3 Nb7 31. Bf8 g6 32. d4 f5 33. e3 Kd5 34. f3 e5 35. dxe5 Kxe5 36. Kb4 g5 37. Kb5 g4 38. Bg7+ Kd5 39. fxg4 fxg4 40. Kxb6 Nd6 41. Ka6 Ke4 42. Kb6 Nc4+ 43. Kc5 Nxe3 44. Bh6 Nf1 45. Kd6 Kf5 46. Ke7 Kg6 47. Bf4 Nxh2 48. Ke6 h5 49. Ke5 Nf3+ 50. Ke4 Ne1 51. Be3 Nc2 52. Bf4 Nb4 53. Kd4 Nc6+ 54. Kd5 Nd8 55. Ke4 Nf7 56. Bc7 Kf6 57. Kf4 Kg6 58. Ke4 Ng5+ 59. Ke3 Kf5 60. Bb8 Ne6 61. Kf2 Ng5 62. Kg2 Ne4 63. Bc7 Ke6 64. Bb8 Kd5 65. Bf4 Kd4 66. Bb8 Kd3 67. Bc7 Ke2 68. Bb8 Nc3 69. Bc7 Nd5 70. Bb8 Ne3+ 71. Kh2 Kf3 72. Bc7 Nf1+ 73. Kh1 Nxg3+ 74. Kh2 Ne4 75. Kg1 g3 76. Kh1 h4 77. Kg1 h3 78. Bb6 Nf2 79. Bxf2 gxf2+ 80. Kh2 Ke2 81. Kxh3 f1=Q+ 82. Kg3 Qf3+ 83. Kh4 Qg2 84. Kh5 Kf3 85. Kh6 Kf4 86. Kh5 Qg5# 0-1


[Site "https://www.chess.com"]

[Event "Titled Tuesday Blitz July 18 Late 2023"]
[White "Salazar Farias, Luis German"]
[Black "Rodriguez Santiago, Jaime"]
[WhiteFideId "3902170"]
[BlackFideId "3100898"]
[WhiteElo "2490"]
[BlackElo "2359"]
[Result "1-0"]
[Round "6"]
[TimeControl "180+2"]
[Date "2023.07.18"]
[WhiteClock "0:00:06"]
[BlackClock "0:00:04"]
[Board "110"]

1. d4 Nf6 2. c4 e6 3. Nf3 d5 4. g3 dxc4 5. Bg2 c5 6. O-O Nc6 7. dxc5 Qxd1 8. Rxd1 Bxc5 9. Nbd2 c3 10. bxc3 O-O 11. Nb3 Be7 12. Nfd4 Nxd4 13. cxd4 Nd5 14. Bd2 f5 15. Na5 Bf6 16. e3 b6 17. Nc6 Bb7 18. Nb4 Rfd8 19. a4 a5 20. Nxd5 Bxd5 21. Bxd5 Rxd5 22. Rab1 Bd8 23. Rdc1 Kf7 24. Kf1 Ke7 25. Ke2 Kd7 26. Kd3 Rb8 27. f3 Bf6 28. Rc4 b5 29. axb5 Rdxb5 30. Rxb5 Rxb5 31. Ra4 Bd8 32. e4 Kc6 33. h4 Rb3+ 34. Bc3 Kb5 35. Rc4 a4 36. Rc8 Ba5 37. Rb8+ Bb6 38. Kc2 Kc4 39. Rc8+ Kb5 40. Rb8 Kc6 41. exf5 exf5 42. Rg8 g6 43. Rg7 Bc7 44. Rxh7 Bxg3 45. Rg7 Bxh4 46. Rxg6+ Kd5 47. Ra6 Rb7 48. Ra5+ Ke6 49. Rxa4 Rc7 50. Kd3 f4 51. Ra6+ Kf5 52. Ra5+ Ke6 53. d5+ Kf5 54. Bd4 Rc1 55. d6+ Ke6 56. Bc5 Rd1+ 57. Ke4 Bg3 58. Ra7 Re1+ 59. Kd3 Rd1+ 60. Kc4 Rc1+ 61. Kb5 Rd1 62. Re7+ Kf6 63. Re4 Bh2 64. Kc6 Rd2 65. Rc4 Ke6 66. Rc1 Bg3 67. Rc4 Rd1 68. d7 Rd2 69. Re4+ Kf7 70. Bb6 Bh4 71. Re8 Bd8 72. Rxd8 Rc2+ 73. Bc5 Rb2 74. Rc8 Rd2 75. Rc7 Kf6 76. Rc8 Kg6 77. d8=Q Rxd8 78. Rxd8 1-0


[Site "https://www.chess.com"]

[Event "Titled Tuesday Blitz July 18 Late 2023"]
[White "Bogaudinov, Rushan"]
[Black "Melnichuk, Mikhail"]
[WhiteFideId "4129288"]
[BlackFideId "14117533"]
[WhiteElo "2358"]
[BlackElo "2488"]
[Result "1-0"]
[Round "6"]
[TimeControl "180+2"]
[Date "2023.07.18"]
[WhiteClock "0:00:09"]
[BlackClock "0:00:09"]
[Board "111"]

1. a3 Nf6 2. e3 d5 3. Nf3 g6 4. b4 Bg7 5. Bb2 O-O 6. Be2 c6 7. O-O Re8 8. d4 Bf5 9. c4 Nbd7 10. Nc3 Ne4 11. cxd5 Nxc3 12. Bxc3 cxd5 13. Qb3 Nb6 14. Rfc1 Rc8 15. Bb2 Bg4 16. a4 Qd7 17. a5 Bxf3 18. gxf3 Na8 19. Rxc8 Rxc8 20. Rc1 e6 21. b5 Rxc1+ 22. Bxc1 Nc7 23. b6 axb6 24. axb6 Qc6 25. Ba3 Ne8 26. Qb5 Qc8 27. Qb4 Nf6 28. Qe7 Bf8 29. Qc7 Qa8 30. Bc5 Ne8 31. Qe5 Qd8 32. Bb5 Bd6 33. Bxd6 Nxd6 34. Bf1 Qxb6 35. h4 h5 36. Bh3 Qc7 37. Kg2 Qd7 38. e4 dxe4 39. fxe4 Nc4 40. Qc5 Nd2 41. f3 Nxf3 42. Kxf3 Qc6 43. Qxc6 bxc6 44. e5 Kf8 45. Kf4 Ke7 46. Bg2 f6 47. exf6+ Kxf6 48. Bxc6 Ke7 49. Be4 Kf6 50. Bd3 Kf7 51. Kg5 Ke7 52. Bxg6 Kd6 53. Be4 e5 54. d5 Kc5 55. Kxh5 Kd4 56. Bg2 e4 57. Bxe4 Kxe4 58. d6 Ke5 59. d7 Ke6 60. d8=Q Kf7 61. Qd7+ Kf6 62. Qd6+ Kf5 63. Qg6+ Ke5 64. Qg5+ Ke6 65. Kg6 Kd7 66. h5 Ke6 67. Qf6+ Kd7 68. h6 1-0


[Site "https://www.chess.com"]